[Event "Titled Tuesday Blitz January 03 Early 2023"]
[White "Gascon Del Nogal, Jose Rafael"]
[Black "Borges Feria, Yasel"]
[WhiteFideId "3902463"]
[BlackFideId "3504921"]
[WhiteElo "2459"]
[BlackElo "2439"]
[Result "0-1"]
[Round "10"]
[TimeControl "180+2"]
[Date "2023.01.03"]
[WhiteClock "0:00:04"]
[BlackClock "0:00:19"]

1. e4 c6 2. Ne2 d5 3. e5 c5 4. d4 Nc6 5. dxc5 Nxe5 6. c3 e6 7. b4 Nf6 8. Nd4 Be7 9. Be2 O-O 10. O-O Bd7 11. Re1 Qc7 12. Bf4 Nf3+ 13. Bxf3 Qxf4 14. Nd2 e5 15. g3 Qg5 16. h4 Qg6 17. Rxe5 Rfe8 18. Rg5 Qd3 19. Qc2 Qa6 20. a4 b5 21. Be2 Rab8 22. Ra2 Qc8 23. axb5 Qc7 24. Nf5 h6 25. Rxg7+ Kf8 26. Nxe7 Kxg7 27. Nf5+ Bxf5 28. Qxf5 Rxe2 29. Ra6 Qe7 30. Nf3 Re6 31. Nd4 Rxa6 32. bxa6 Qe1+ 33. Kg2 Qe4+ 34. Qxe4 Nxe4 35. c6 Rc8 36. b5 Nxc3 37. b6 axb6 38. a7 Kf6 39. c7 h5 40. Nc6 Nb5 41. Nb8 Nxa7 0-1


[Site "https://www.chess.com"]

[Event "Titled Tuesday Blitz January 03 Early 2023"]
[White "Pakleza, Zbigniew"]
[Black "Renjith, Sravan"]
[WhiteFideId "1119290"]
[BlackFideId "4306783"]
[WhiteElo "2494"]
[BlackElo "2172"]
[Result "1-0"]
[Round "10"]
[TimeControl "180+2"]
[Date "2023.01.03"]
[WhiteClock "0:00:27"]
[BlackClock "0:00:16"]

1. d4 Nf6 2. Nf3 d6 3. Bf4 Nbd7 4. h3 g6 5. e3 Bg7 6. Be2 O-O 7. O-O c6 8. c4 Re8 9. Nc3 Qc7 10. Bh2 e5 11. c5 Nd5 12. cxd6 Qxd6 13. dxe5 Qe6 14. Nd4 Qe7 15. Nxd5 cxd5 16. Nb5 Nxe5 17. Qxd5 Be6 18. Qd6 Bc4 19. Rfe1 a6 20. Qxe7 Rxe7 21. Nd4 Bxe2 22. Rxe2 Nc4 23. Rc1 b5 24. b3 Bxd4 25. bxc4 Rc8 26. Rec2 Rxc4 27. Rxc4 bxc4 28. exd4 c3 29. Kf1 Rb7 30. Rxc3 Rb1+ 31. Ke2 Rb2+ 32. Ke3 Rxa2 33. d5 Kf8 34. Be5 Ke8 35. Rc7 Ra3+ 36. Kd4 Ra4+ 37. Kc5 Kd8 38. Kd6 f6 39. Bxf6+ Ke8 40. Re7+ Kf8 41. Rxh7 Rf4 42. Ke6 Re4+ 43. Be5 1-0


[Site "https://www.chess.com"]

[Event "Titled Tuesday Blitz January 03 Early 2023"]
[White "Sadykov, Ramil"]
[Black "Preotu, Razvan"]
[WhiteFideId "24113590"]
[BlackFideId "2613280"]
[WhiteElo "2345"]
[BlackElo "2475"]
[Result "0-1"]
[Round "10"]
[TimeControl "180+2"]
[Date "2023.01.03"]
[WhiteClock "0:00:05"]
[BlackClock "0:00:24"]

1. e4 c5 2. Nf3 d6 3. d4 cxd4 4. Nxd4 Nf6 5. Nc3 a6 6. Bc4 e6 7. Bb3 b5 8. Bg5 Be7 9. Qf3 Qc7 10. e5 Bb7 11. exd6 Bxd6 12. Qe3 Bc5 13. O-O-O Nc6 14. Bxf6 gxf6 15. Nd5 Qe5 16. Qxe5 fxe5 17. Nc7+ Ke7 18. Nxc6+ Bxc6 19. Nxa8 Bxa8 20. f3 Rg8 21. Rhe1 Rxg2 22. Rd2 Rg5 23. Rd3 Rf5 24. c3 Bxf3 25. Bc2 e4 26. Rd2 Rf4 27. Bd1 e3 28. Rd3 Be4 29. Rdxe3 Bxe3+ 30. Rxe3 Bg6 31. Rf3 Rh4 32. Rf2 e5 33. Kd2 f5 34. b3 f4 35. Bc2 Bxc2 36. Kxc2 e4 37. c4 e3 38. Re2 bxc4 39. bxc4 Ke6 40. Kd3 Ke5 41. Rc2 Rh3 42. c5 e2+ 43. Kxe2 Rxh2+ 44. Kd3 Rxc2 45. Kxc2 Kd5 46. Kd3 Kxc5 47. Ke4 Kb4 48. Kxf4 Ka3 0-1


[Site "https://www.chess.com"]

[Event "Titled Tuesday Blitz January 03 Early 2023"]
[White "Sychev, Klementy"]
[Black "Mihajlov, Sebastian"]
[WhiteFideId "4114060"]
[BlackFideId "1512110"]
[WhiteElo "2547"]
[BlackElo "2373"]
[Result "1-0"]
[Round "10"]
[TimeControl "180+2"]
[Date "2023.01.03"]
[WhiteClock "0:00:09"]
[BlackClock "0:00:11"]

1. e4 e5 2. f4 d5 3. exd5 c6 4. d4 exd4 5. Nf3 Qxd5 6. Qxd4 Nf6 7. Nc3 Qe6+ 8. Be2 Nbd7 9. Ng5 Qe7 10. Bd2 h6 11. Nge4 Nxe4 12. Nxe4 Nc5 13. Nc3 Bg4 14. O-O-O Bxe2 15. Nxe2 Qe4 16. Rhe1 Qxd4 17. Nxd4+ Kd7 18. Ba5 b6 19. Ne6+ Kc8 20. Nxf8 Rxf8 21. Bc3 Kb7 22. Re7+ Ka6 23. Bxg7 Rg8 24. Rxf7 Ne6 25. Be5 Rxg2 26. f5 Ng5 27. Re7 Nf3 28. Bc3 Nxh2 29. f6 Rf2 30. f7 Rf8 31. Rdd7 Rf1+ 32. Kd2 Rf2+ 33. Ke1 Rf1+ 34. Ke2 Kb5 35. b3 Rf5 36. a4+ Kc5 37. Bg7 R8xf7 38. Rxf7 Rg5 39. Bxh6 Rg2+ 40. Ke1 Ng4 41. Kf1 Rxc2 42. Bg7 Kb4 43. Ke1 Kxb3 44. Rf3+ Ka2 45. Rd4 Nh2 46. Rf2 Rxf2 47. Kxf2 c5 48. Rf4 Kb3 49. Kg2 c4 50. Kxh2 c3 51. Bxc3 Kxc3 52. Rf7 a5 53. Rb7 Kb4 54. Rxb6+ Kxa4 55. Kg3 Ka3 56. Kf3 a4 57. Ke2 Ka2 58. Kd3 a3 59. Kc3 Ka1 60. Kb3 a2 61. Rg6 1-0


[Site "https://www.chess.com"]

[Event "Titled Tuesday Blitz January 03 Early 2023"]
[White "TheKnightOfBosnia"]
[Black "Dragnev, Valentin"]
[BlackFideId "1634852"]
[WhiteElo "2481"]
[BlackElo "2593"]
[Result "0-1"]
[Round "10"]
[TimeControl "180+2"]
[Date "2023.01.03"]
[WhiteClock "0:00:46"]
[BlackClock "0:01:20"]

1. e4 e5 2. Nf3 Nc6 3. Bb5 a6 4. Ba4 Nge7 5. Nc3 d6 6. h3 Bd7 7. d4 Nxd4 8. Bxd7+ Qxd7 9. Nxd4 exd4 10. Qxd4 Nc6 11. Qd5 Be7 12. Be3 Bf6 13. O-O Bxc3 14. bxc3 O-O 15. Rab1 b6 16. c4 Ne7 17. Qd4 Qc6 18. e5 dxe5 19. Qxe5 Rfe8 20. Bd4 f6 21. Qg3 Nf5 22. Qd3 Qe4 23. Qxe4 Rxe4 24. c3 Nxd4 25. cxd4 Rxd4 26. Rfc1 Re8 27. Rb2 Re5 28. a4 Rc5 29. Rbc2 Ra5 30. Ra2 Rc5 31. Rac2 Kf7 32. Kf1 Rd3 33. Ra2 Rb3 34. Ke2 Re5+ 35. Kd2 Rg5 36. Kc2 Rb4 37. Kc3 Rxc4+ 0-1


[Site "https://www.chess.com"]

[Event "Titled Tuesday Blitz January 03 Early 2023"]
[White "Manukian, Artak"]
[Black "Klukin, Kirill"]
[WhiteFideId "13301373"]
[BlackFideId "24199273"]
[WhiteElo "2196"]
[BlackElo "2390"]
[Result "1-0"]
[Round "10"]
[TimeControl "180+2"]
[Date "2023.01.03"]
[WhiteClock "0:00:08"]
[BlackClock "0:00:02"]

1. e4 g6 2. d4 Bg7 3. c4 e6 4. Nc3 Ne7 5. h4 h6 6. f4 d6 7. h5 Nbc6 8. Nf3 e5 9. hxg6 fxg6 10. d5 Nd4 11. fxe5 dxe5 12. Be3 c5 13. Qd2 Bg4 14. Be2 Qd7 15. O-O-O g5 16. Nb5 a6 17. Nfxd4 Bxe2 18. Nxe2 axb5 19. cxb5 Rxa2 20. Nc3 Ra1+ 21. Kc2 Rxd1 22. Rxd1 Qd6 23. Qf2 b6 24. Ra1 Qb8 25. Ra6 Rf8 26. Qe1 Nc8 27. Qa1 Rf7 28. Ra8 Qb7 29. Qa6 Kd8 30. b4 Qxa6 31. bxa6 Bf8 32. Nb5 cxb4 33. Bxb6+ Kd7 34. Be3 Rf1 35. a7 Ra1 36. Rb8 Nxa7 37. Bxa7 Bd6 38. Nxd6 Kxd6 39. Rb7 Ra2+ 40. Kb3 Rxg2 41. Bb8+ Kc5 42. Bxe5 Rg4 43. d6 Kc6 44. d7 1-0


[Site "https://www.chess.com"]

[Event "Titled Tuesday Blitz January 03 Early 2023"]
[White "Pein, Jonathan"]
[Black "Jobava, Baadur"]
[WhiteFideId "417092"]
[BlackFideId "13601520"]
[WhiteElo "2265"]
[BlackElo "2578"]
[Result "1/2-1/2"]
[Round "10"]
[TimeControl "180+2"]
[Date "2023.01.03"]
[WhiteClock "0:01:27"]
[BlackClock "0:02:07"]

1. e4 d5 2. exd5 Nf6 3. d4 c6 4. dxc6 Nxc6 5. Nf3 Bg4 6. c3 e5 7. dxe5 Qxd1+ 8. Kxd1 Nxe5 9. Be2 O-O-O+ 10. Nbd2 Bxf3 11. gxf3 Bc5 12. Kc2 Bxf2 13. Ne4 Nxe4 14. fxe4 Rhe8 15. Bf4 f6 16. Rad1 g5 17. Bxe5 fxe5 18. Bg4+ Kc7 19. Rhf1 Rxd1 20. Kxd1 Bc5 21. Rf7+ Re7 22. Rxe7+ Bxe7 23. Ke2 a5 24. Kd3 b6 25. Kc4 Kd6 26. b4 axb4 27. cxb4 h6 28. a4 Kc7 29. a5 bxa5 30. bxa5 Ba3 31. Kb5 Bc1 1/2-1/2


[Site "https://www.chess.com"]

[Event "Titled Tuesday Blitz January 03 Early 2023"]
[White "Demchenko, Anton"]
[Black "Omelja, Artem"]
[WhiteFideId "4160258"]
[BlackFideId "14119846"]
[WhiteElo "2623"]
[BlackElo "2446"]
[Result "1-0"]
[Round "10"]
[TimeControl "180+2"]
[Date "2023.01.03"]
[WhiteClock "0:00:51"]
[BlackClock "0:00:02"]

1. e4 c5 2. Nf3 Nc6 3. Bb5 g6 4. O-O Bg7 5. d3 e5 6. a3 Nge7 7. b4 b6 8. Bg5 O-O 9. bxc5 bxc5 10. Bxc6 dxc6 11. Nbd2 Be6 12. Be3 Qa5 13. Ng5 Bc8 14. Nc4 Qc7 15. Bxc5 Rd8 16. Qd2 f6 17. Qa5 Qd7 18. Nf3 Rb8 19. Rab1 Rb5 20. Qxa7 Bb7 21. Rxb5 cxb5 22. Nd6 Bc6 23. Qxd7 Rxd7 24. Rb1 f5 25. h3 h6 26. Re1 fxe4 27. dxe4 Rc7 28. Bb4 Nc8 29. c4 1-0


[Site "https://www.chess.com"]

[Event "Titled Tuesday Blitz January 03 Early 2023"]
[White "Vaibhav, Suri"]
[Black "Sielecki, Christof"]
[WhiteFideId "5045185"]
[BlackFideId "4620437"]
[WhiteElo "2595"]
[BlackElo "2419"]
[Result "1-0"]
[Round "10"]
[TimeControl "180+2"]
[Date "2023.01.03"]
[WhiteClock "0:00:33"]
[BlackClock "0:00:02"]

1. Nf3 d5 2. e3 Nf6 3. c4 e6 4. b3 Nbd7 5. Bb2 Bd6 6. Qc2 a6 7. Be2 Qe7 8. O-O O-O 9. Nc3 Re8 10. d4 b6 11. e4 dxe4 12. Nxe4 Bb7 13. Bd3 Nxe4 14. Bxe4 Bxe4 15. Qxe4 Nf6 16. Qe2 Ba3 17. Bxa3 Qxa3 18. Ne5 a5 19. Nc6 Qd6 20. Qf3 h6 21. Rfe1 Rac8 22. Re2 Nh7 23. h4 Nf8 24. h5 Nh7 25. g3 Nf6 26. Rae1 Nxh5 27. c5 bxc5 28. dxc5 Qxc5 29. Re5 Qc2 30. Rxh5 Qxa2 31. Rd1 Qc2 32. Rd7 1-0


[Site "https://www.chess.com"]

[Event "Titled Tuesday Blitz January 03 Early 2023"]
[White "Turzo, Attila"]
[Black "Rakhmatullaev, Almas"]
[WhiteFideId "704954"]
[BlackFideId "14205793"]
[WhiteElo "2279"]
[BlackElo "2275"]
[Result "0-1"]
[Round "10"]
[TimeControl "180+2"]
[Date "2023.01.03"]
[WhiteClock "0:00:46"]
[BlackClock "0:01:31"]

1. d4 Nf6 2. Bf4 d6 3. Nc3 g6 4. e4 Bg7 5. Qd2 Nbd7 6. O-O-O O-O 7. Bh6 e5 8. Bxg7 Kxg7 9. Kb1 Qe7 10. f3 c6 11. Nge2 b5 12. Nc1 b4 13. N3e2 a5 14. h4 h5 15. g3 Nb6 16. Ng1 Be6 17. Nh3 Bxh3 18. Rxh3 Rfd8 19. Rh2 c5 20. d5 c4 21. Qg5 c3 22. b3 a4 23. g4 Rh8 24. Bb5 Qa7 25. bxa4 Nxa4 26. Bc4 Nb2 27. Be2 Nxd1 28. Bxd1 Qg1 29. gxh5 Qxh2 30. hxg6 Rh5 31. Qe3 Qd2 32. Qg1 fxg6 33. f4 Rxh4 34. fxe5 dxe5 35. Qc5 Qxd1 36. Qe7+ Kh6 37. Qxf6 Qxc1+ 0-1


[Site "https://www.chess.com"]

[Event "Titled Tuesday Blitz January 03 Early 2023"]
[White "Ordekalog"]
[Black "Parpiev, Isaak"]
[BlackFideId "34281576"]
[WhiteElo "2701"]
[BlackElo "2167"]
[Result "1-0"]
[Round "10"]
[TimeControl "180+2"]
[Date "2023.01.03"]
[WhiteClock "0:00:57"]
[BlackClock "0:00:01"]

1. e4 c6 2. d4 d5 3. exd5 cxd5 4. c4 Nf6 5. Nc3 g6 6. cxd5 Nxd5 7. Bc4 Nb6 8. Bb3 Bg7 9. Nf3 O-O 10. h3 Nc6 11. Be3 Na5 12. O-O Nxb3 13. axb3 Be6 14. Ne4 Bd5 15. Nc5 e6 16. Ne5 a6 17. Bd2 Rc8 18. Rc1 Bxe5 19. dxe5 Bxg2 20. Kxg2 Qd5+ 21. Qf3 Qxd2 22. Ne4 Qd4 23. Qf4 Qxb2 24. Rb1 Qc2 25. Rfc1 Qd3 26. Rd1 Qc2 27. Rbc1 Qxb3 28. Qh6 f5 29. Nf6+ Rxf6 30. exf6 1-0


[Site "https://www.chess.com"]

[Event "Titled Tuesday Blitz January 03 Early 2023"]
[White "Korchmar, Vasiliy"]
[Black "Cella, Glaucio Dalla Cortt"]
[WhiteFideId "24131750"]
[BlackFideId "2119455"]
[WhiteElo "2438"]
[BlackElo "1894"]
[Result "1-0"]
[Round "10"]
[TimeControl "180+2"]
[Date "2023.01.03"]
[WhiteClock "0:01:06"]
[BlackClock "0:00:10"]

1. Nf3 c5 2. g3 e6 3. Bg2 Nf6 4. O-O d5 5. b3 Nc6 6. Bb2 Be7 7. e3 O-O 8. c4 b6 9. cxd5 exd5 10. d4 Bb7 11. Nc3 cxd4 12. Nxd4 Nxd4 13. Qxd4 Bc5 14. Qd3 d4 15. Bxb7 dxc3 16. Qxc3 Rb8 17. Bf3 Qe7 18. Qe5 Qxe5 19. Bxe5 Rbd8 20. Rfd1 Be7 21. Rxd8 Rxd8 22. Rc1 Ne8 23. Rd1 Rxd1+ 24. Bxd1 Bd6 25. Bc3 a5 26. f4 Nc7 27. Bf3 Nb5 28. Bd2 Bb4 29. Bc1 Kf8 30. Kf2 Ke7 31. e4 Bc5+ 32. Be3 Bxe3+ 33. Kxe3 Nc3 34. a3 Nb5 35. a4 Nc7 36. Kd4 f6 37. e5 fxe5+ 38. Kxe5 g6 39. g4 Ne6 40. Bd5 Nc5 41. g5 Nd3+ 42. Ke4 Nc5+ 43. Kd4 Kd6 44. Bg8 Kc6 45. Kc4 Kd6 46. Bxh7 Ne4 47. Bxg6 Nd2+ 48. Kc3 Nb1+ 49. Bxb1 Ke7 50. f5 1-0


[Site "https://www.chess.com"]

[Event "Titled Tuesday Blitz January 03 Early 2023"]
[White "Rostomyan, Mikayel"]
[Black "Ronka, Erik"]
[WhiteFideId "13313754"]
[BlackFideId "505080"]
[WhiteElo "2222"]
[BlackElo "2276"]
[Result "1/2-1/2"]
[Round "10"]
[TimeControl "180+2"]
[Date "2023.01.03"]
[WhiteClock "0:00:11"]
[BlackClock "0:00:16"]

1. e4 c5 2. b4 e5 3. Nf3 cxb4 4. Nxe5 d5 5. Bb5+ Bd7 6. Nxd7 Nxd7 7. exd5 Bc5 8. d4 Bd6 9. Qe2+ Ne7 10. Nd2 O-O 11. Nc4 Qc7 12. Nxd6 Qc3+ 13. Qd2 Qxa1 14. O-O Nf6 15. Qxb4 Nexd5 16. Qb3 Qxd4 17. Nf5 Qg4 18. Bd3 Nf4 19. Qxb7 Nxd3 20. Ne7+ Kh8 21. cxd3 Rad8 22. Bb2 Rd7 23. Qc6 Rxe7 24. Bxf6 Re6 25. Qc5 Rfe8 26. Bc3 h6 27. Qxa7 Qe2 28. Qxf7 R6e7 29. Qg6 Kg8 30. h3 Qc2 31. Be5 Qxa2 32. d4 Qe6 33. Qxe6+ Rxe6 34. Rc1 Kf7 35. f4 R8e7 36. d5 Ra6 37. d6 Rd7 38. Kh2 Ke6 39. Rc8 g5 40. Rh8 gxf4 41. Bxf4 Kf5 42. Bg3 Raxd6 43. Bxd6 Rxd6 44. Rg8 Rd3 45. Rg3 Rd4 46. Rg4 Rxg4 47. hxg4+ Kxg4 48. g3 h5 49. Kg2 h4 50. gxh4 Kxh4 1/2-1/2


[Site "https://www.chess.com"]

[Event "Titled Tuesday Blitz January 03 Early 2023"]
[White "Volkov, Maksim"]
[Black "Murtazin, Ruslan"]
[WhiteFideId "54123070"]
[BlackFideId "24175960"]
[WhiteElo "2258"]
[BlackElo "2247"]
[Result "0-1"]
[Round "10"]
[TimeControl "180+2"]
[Date "2023.01.03"]
[WhiteClock "0:01:04"]
[BlackClock "0:02:00"]

1. d4 Nf6 2. c4 c5 3. d5 e6 4. Nc3 exd5 5. cxd5 d6 6. Nf3 g6 7. g3 Bg7 8. Bg2 O-O 9. O-O Nbd7 10. Bf4 Qe7 11. Re1 Ng4 12. e4 Nge5 13. Qc2 a6 14. a4 Rb8 15. a5 b5 16. axb6 Rxb6 17. Nd2 Bb7 18. h3 Rb8 19. Be3 Bc8 20. Reb1 Rb4 21. Bf1 c4 22. Na2 Rxb2 23. Rxb2 Rxb2 24. Qc1 Rxd2 25. Bxd2 Nf3+ 26. Kg2 Nxd2 27. Qxd2 Bxa1 28. Qc2 Nc5 29. f3 f5 30. exf5 Bxf5 31. Qxc4 Qe3 32. Nb4 Bd4 0-1


[Site "https://www.chess.com"]

[Event "Titled Tuesday Blitz January 03 Early 2023"]
[White "Liyanage, Ranindu Dilshan"]
[Black "Berezin, Viktor"]
[WhiteFideId "9915834"]
[BlackFideId "14107872"]
[WhiteElo "2342"]
[BlackElo "2307"]
[Result "1-0"]
[Round "10"]
[TimeControl "180+2"]
[Date "2023.01.03"]
[WhiteClock "0:00:11"]
[BlackClock "0:00:05"]

1. c4 Nf6 2. Nc3 g6 3. e4 d6 4. d4 Bg7 5. Nf3 O-O 6. Be2 e5 7. Be3 Na6 8. O-O Ng4 9. Bg5 f6 10. Bc1 Qe8 11. Re1 Nh6 12. h3 Nf7 13. Be3 c6 14. Qc2 Bd7 15. Rad1 Rd8 16. dxe5 fxe5 17. Bxa7 Nb4 18. Qb3 c5 19. Bb6 Ra8 20. a3 Nc6 21. Nd5 Rc8 22. Qc3 Nd4 23. b4 Nd8 24. Bc7 Nf7 25. Nxd4 exd4 26. Qg3 Bc6 27. Bxd6 Nxd6 28. Qxd6 Be5 29. Ne7+ Kf7 30. Qxe5 Qxe7 31. Qxe7+ Kxe7 32. bxc5 Rcd8 33. Bd3 Ke6 34. h4 h6 35. g3 Ke5 36. f4+ Ke6 37. Rf1 g5 38. hxg5 hxg5 39. Kg2 gxf4 40. gxf4 Rh8 41. Rh1 Rhg8+ 42. Kf3 Ra8 43. Ra1 Ra5 44. Rh6+ Kf7 45. f5 Rxc5 46. Rah1 Ra5 47. Rh7+ Rg7 48. Rxg7+ Kxg7 49. Kf4 Rxa3 50. Rh3 b5 51. e5 bxc4 52. f6+ Kf8 53. Rh8+ Kf7 54. Bxc4+ Kg6 55. Rg8+ Kh7 56. f7 Rf3+ 57. Kg4 Rf2 58. f8=Q Bd7+ 59. e6 Bxe6+ 60. Bxe6 Rxf8 61. Rxf8 d3 62. Rd8 d2 1-0


[Site "https://www.chess.com"]

[Event "Titled Tuesday Blitz January 03 Early 2023"]
[White "Diaz Villagran, Robert"]
[Black "Fisher_TheGalactic"]
[WhiteFideId "3404056"]
[WhiteElo "2315"]
[BlackElo "2521"]
[Result "0-1"]
[Round "10"]
[TimeControl "180+2"]
[Date "2023.01.03"]
[WhiteClock "0:00:18"]
[BlackClock "0:00:10"]

1. e4 b6 2. d4 Bb7 3. Bd3 Nf6 4. Qe2 e6 5. Nf3 d5 6. e5 Nfd7 7. O-O c5 8. c3 Nc6 9. a3 Be7 10. b4 c4 11. Bc2 Qc7 12. h4 h6 13. h5 O-O-O 14. a4 Kb8 15. a5 b5 16. a6 Bc8 17. Bf4 Ka8 18. Nbd2 Qb6 19. Nh2 Bxa6 20. Be3 f5 21. exf6 Nxf6 22. Bf4 Bc8 23. Bg6 Rhf8 24. g3 Bd6 25. Bxd6 Rxd6 26. Nhf3 Rdd8 27. Ra2 Ng8 28. Rfa1 Nge7 29. Ne5 a6 30. Ndf3 Nxe5 31. Nxe5 Rf6 32. f4 Nc6 33. Ng4 Rff8 34. Kh2 Ne7 35. Ne5 Rf6 36. Ng4 Rff8 37. Qe5 Nxg6 38. hxg6 h5 39. Nf2 Rf6 40. Qxh5 e5 41. dxe5 Rxg6 42. Qh4 Rh6 43. Qxh6 Qxh6+ 44. Kg2 d4 45. cxd4 Bb7+ 46. Kg1 Rxd4 47. Re2 Qg6 48. Re3 Rd2 49. Rae1 Bd5 50. e6 Bxe6 51. Rxe6 Qxg3+ 52. Kh1 Qh4+ 53. Kg1 Qxf2+ 54. Kh1 Qg2# 0-1


[Site "https://www.chess.com"]

[Event "Titled Tuesday Blitz January 03 Early 2023"]
[White "Aloma Vidal, Robert"]
[Black "Gheorghiu, Calin"]
[WhiteFideId "2260409"]
[BlackFideId "1200305"]
[WhiteElo "2442"]
[BlackElo "2313"]
[Result "1-0"]
[Round "10"]
[TimeControl "180+2"]
[Date "2023.01.03"]
[WhiteClock "0:00:28"]
[BlackClock "0:00:02"]

1. e4 e6 2. d4 d5 3. e5 c5 4. c3 Nc6 5. Nf3 Qc7 6. Bd3 Bd7 7. O-O Rc8 8. a3 a5 9. Bf4 Nge7 10. a4 Nf5 11. Bxf5 exf5 12. e6 Qxf4 13. exd7+ Kxd7 14. dxc5 Kc7 15. Na3 Kb8 16. Qxd5 Rd8 17. Qxf7 Bxc5 18. Nb5 Rhf8 19. Qh5 Rd3 20. Rad1 g6 21. Qh3 Rfd8 22. Rxd3 Rxd3 23. Qg3 Qxg3 24. hxg3 Kc8 25. Rb1 Kd7 26. Kf1 h6 27. Ke2 Rd5 28. Rh1 Bf8 29. Rd1 Rxd1 30. Kxd1 g5 31. Ke2 Bc5 32. Nd2 Ke6 33. Nb3 Bb6 34. N5d4+ Nxd4+ 35. cxd4 Kd5 36. Kd3 h5 37. f3 h4 38. gxh4 gxh4 39. Kc3 f4 40. Kd3 Bd8 41. Nc5 b6 42. Ne4 Be7 43. Nc3+ Kc6 44. Ke4 Bd6 45. Nd5 Bb8 46. Nxf4 b5 47. axb5+ Kxb5 1-0


[Site "https://www.chess.com"]

[Event "Titled Tuesday Blitz January 03 Early 2023"]
[White "Freitag, Manfred"]
[Black "Zhuravlev, Alexey"]
[WhiteFideId "1602004"]
[BlackFideId "4164199"]
[WhiteElo "2352"]
[BlackElo "2359"]
[Result "1-0"]
[Round "10"]
[TimeControl "180+2"]
[Date "2023.01.03"]
[WhiteClock "0:00:36"]
[BlackClock "0:00:01"]

1. d4 Nf6 2. c4 g6 3. Nc3 Bg7 4. e4 d6 5. Nf3 O-O 6. Be2 e5 7. O-O Nc6 8. d5 Ne7 9. Ne1 Nd7 10. Nd3 f5 11. f3 f4 12. b4 Nf6 13. c5 g5 14. a4 h5 15. Nf2 Ng6 16. a5 Rf7 17. Kh1 Bf8 18. c6 Rg7 19. Rg1 Nh8 20. cxb7 Bxb7 21. a6 Bc8 22. g3 fxg3 23. Rxg3 Nf7 24. Be3 h4 25. Rg1 Nh5 26. Nb5 Nf4 27. Nxa7 Bd7 28. Nc6 Qf6 29. a7 Nxe2 30. Qxe2 Nh6 31. Ng4 Nxg4 32. fxg4 Rf7 33. Rgf1 Qg6 34. Bd2 h3 35. Rxf7 Qxf7 36. Rf1 Qg6 37. Rf5 Bxf5 38. gxf5 Qh6 39. Qg4 Qh4 40. Qxg5+ Qxg5 41. Bxg5 Kh7 42. Bd8 Bh6 43. Bxc7 Be3 44. Bb8 Kh6 45. b5 Kg5 46. f6 Kxf6 47. Bxd6 Bxa7 48. Bxe5+ Kg6 49. Nxa7 Rxa7 50. Kg1 Rb7 51. Kf2 Rxb5 52. Ke3 Kg5 53. Bg3 Kg4 54. d6 Rb7 55. Kd4 Kf3 56. e5 Rb4+ 57. Kd5 Kg4 58. d7 Rb1 59. e6 Kf5 60. e7 Rd1+ 61. Kc6 1-0


[Site "https://www.chess.com"]

[Event "Titled Tuesday Blitz January 03 Early 2023"]
[White "Vysochin, Spartak"]
[Black "Piesik, Piotr"]
[WhiteFideId "14103516"]
[BlackFideId "1136194"]
[WhiteElo "2512"]
[BlackElo "2426"]
[Result "0-1"]
[Round "10"]
[TimeControl "180+2"]
[Date "2023.01.03"]
[WhiteClock "0:00:57"]
[BlackClock "0:00:19"]

1. e4 g6 2. d4 Bg7 3. Nf3 c6 4. h3 d6 5. Bd3 Nf6 6. O-O O-O 7. c3 Nbd7 8. Nbd2 e5 9. dxe5 Nxe5 10. Nxe5 dxe5 11. Nc4 Qc7 12. a4 Be6 13. a5 b5 14. Nd2 Rfd8 15. Qc2 a6 16. Nf3 c5 17. c4 Rxd3 18. Qxd3 Bxc4 19. Qc2 Bxf1 20. Kxf1 c4 21. Bd2 Rd8 22. Bc3 Nd7 23. Rd1 Nc5 24. Rxd8+ Qxd8 25. Nxe5 Bxe5 26. Bxe5 Qxa5 27. g3 Nd3 28. Bc3 Qa1+ 29. Kg2 b4 30. Bd2 Qxb2 31. Qxb2 Nxb2 32. Bxb4 Nd3 33. Bc3 Kf8 34. Kf3 Ke7 35. Ke3 Kd6 36. f4 Kc5 37. g4 Nb4 38. f5 a5 39. Bd4+ Kb5 40. e5 gxf5 41. gxf5 Kc6 42. Ke4 a4 43. e6 fxe6 44. f6 Kd7 45. Bc5 Nd3 46. Ba3 Ke8 47. Kd4 Kf7 48. Kxc4 Nf4 49. h4 Kxf6 50. Kb5 h5 51. Kxa4 Ng6 52. Kb5 Nxh4 53. Kc4 Kf5 54. Kd3 Ng6 55. Ke3 h4 56. Kf3 e5 57. Bc1 e4+ 58. Ke3 Ne5 59. Kf2 Nc4 60. Kg2 Kg4 61. Kf2 h3 62. Kg1 e3 63. Bb2 e2 64. Bc3 Kf3 65. Kh2 Kg4 66. Kg1 Ne3 67. Bd2 Ng2 68. Kf2 e1=Q+ 69. Bxe1 Nxe1 70. Kg1 Nd3 71. Kh1 Kg3 72. Kg1 Nf2 0-1


[Site "https://www.chess.com"]

[Event "Titled Tuesday Blitz January 03 Early 2023"]
[White "Aldokhin, Ivan"]
[Black "Md, Imran"]
[WhiteFideId "24115720"]
[BlackFideId "25748580"]
[WhiteElo "2413"]
[BlackElo "2284"]
[Result "1-0"]
[Round "10"]
[TimeControl "180+2"]
[Date "2023.01.03"]
[WhiteClock "0:00:05"]
[BlackClock "0:00:44"]

1. e4 c5 2. Nf3 Nc6 3. d4 cxd4 4. Nxd4 g6 5. Nc3 Bg7 6. Be3 d6 7. Bc4 Nf6 8. h3 O-O 9. Bb3 a5 10. a3 Bd7 11. O-O a4 12. Ba2 Ne5 13. f4 Nc6 14. Nf3 Qa5 15. Qe1 Be6 16. Bxe6 fxe6 17. Ng5 Nd8 18. Qh4 Qc7 19. Rae1 Ra5 20. Qf2 Qc6 21. Bb6 Rxg5 22. fxg5 Nd7 23. Bxd8 Rxf2 24. Rxf2 Bd4 25. Bxe7 Nc5 26. Bf6 Bxf2+ 27. Kxf2 Nd7 28. Bd4 Qc4 29. Rd1 Nc5 30. Be3 Nxe4+ 31. Nxe4 Qxe4 32. Rxd6 Qxc2+ 33. Rd2 Qf5+ 34. Kg3 Qb5 35. h4 Qc6 36. Bf4 Kf7 37. Rd8 Qb5 38. Rh8 Kg7 39. Rd8 e5 40. Be3 Qe2 41. Bc5 Qb5 42. Bb4 Qc6 43. Rf8 Qc4 44. Rf3 e4 45. Bc3+ Kg8 46. Re3 Qc7+ 47. Kg4 Qd7+ 48. Kf4 Qf5+ 49. Kg3 b5 50. Re2 Qd5 51. Kf4 Qf5+ 52. Ke3 Qg4 53. Bf6 Qxh4 54. Rd2 Kf7 55. Rd7+ Ke6 56. Re7+ Kd6 57. Rxe4 Qg3+ 58. Kd4 Qxg2 59. Re3 Qd5+ 60. Kc3 Qc4+ 61. Kd2 Qf4 62. Ke2 h5 63. Rd3+ Ke6 64. Re3+ Kd5 65. Rd3+ Ke4 66. Rd4+ Kf5 67. Rxf4+ Kxf4 68. Kf2 Kg4 69. Kg2 Kf4 70. Kh3 Kf3 71. Kh4 Kf4 72. Bd8 Kf3 73. Bc7 Ke4 74. Kg3 Ke3 75. Bb8 Ke4 76. Bd6 Kf5 77. Be7 Ke4 78. Kf2 Kf4 79. Bd8 Ke4 80. Ke2 Kf4 81. Kd3 h4 82. Kd4 h3 83. Kc5 Kg4 84. Bc7 Kxg5 85. Kxb5 Kg4 86. Kxa4 Kf3 87. b4 g5 88. b5 g4 89. b6 g3 90. Bxg3 Kxg3 91. b7 h2 92. b8=Q+ 1-0


[Site "https://www.chess.com"]

[Event "Titled Tuesday Blitz January 03 Early 2023"]
[White "Sharifov, Mekhriddin"]
[Black "Melian, Juan Sebastian"]
[WhiteFideId "14701545"]
[BlackFideId "3706575"]
[WhiteElo "2209"]
[BlackElo "2293"]
[Result "1-0"]
[Round "10"]
[TimeControl "180+2"]
[Date "2023.01.03"]
[WhiteClock "0:00:39"]
[BlackClock "0:00:03"]

1. e4 c5 2. Nf3 e6 3. d4 cxd4 4. Nxd4 a6 5. Bd3 Nf6 6. c4 d6 7. Nc3 g6 8. O-O Bg7 9. Be3 O-O 10. Rc1 Nbd7 11. f3 Qc7 12. b3 b6 13. Qd2 Bb7 14. Rfd1 Rfd8 15. Qf2 Rab8 16. Bf1 Nc5 17. b4 Ncd7 18. Nb3 Ne5 19. Bxb6 Qe7 20. Bxd8 Rxd8 21. h3 d5 22. Nc5 Ba8 23. exd5 exd5 24. Re1 d4 25. N3e4 Nxe4 26. fxe4 d3 27. Red1 Qg5 28. Kh1 d2 29. Rc2 Bh6 30. b5 axb5 31. cxb5 Qh5 32. Be2 Qg5 33. b6 Qe7 34. a4 Rb8 35. a5 Nc6 36. Nb3 Nb4 37. Rc7 Qe8 38. Bc4 Kh8 39. Rxf7 Bxe4 40. Qf6+ 1-0


[Site "https://www.chess.com"]